 Dungeon Crawl Stone Soup version 0.30-a0-939-gc8157cb160 (webtiles) character file.

Game seed: 13388745376099986607

947 Crownlay the Geomancer (level 8, -10/41 HPs)
             Began as a Gargoyle Earth Elementalist on Mar 25, 2023.
             Mangled by an orc warrior
             ... wielding a +0 bardiche
              (18 damage)
             ... in a bailey.
             The game lasted 00:06:22 (3796 turns).

Crownlay the Geomancer (GrEE)                       Turns: 3796, Time: 00:06:22

Health: -10/41     AC:  8    Str:  9    XL:     8   Next: 13%
Magic:  2/23       EV: 11    Int: 19    God:
Gold:   125        SH:  0    Dex: 10    Spells: 11/15 levels left

rFire   + + .      SeeInvis .    s - +6 falchion "Ihioc" {pain, rPois rF++ MP+9 Str-2}
rCold   . . .      Faith    .    (no shield)
rNeg    + . .      Spirit   .    a - +0 robe
rPois   ∞          Reflect  .    (no helmet)
rElec   +          Rampage  .    (no cloak)
rCorr   .                        h - +0 pair of gloves
Will    .....                    (no boots)
Stlth   ++                       (no amulet)
HPRegen 0.26/turn                (no ring)
MPRegen 0.18/turn                (no ring)

@: no status effects
A: sickness immunity, AC +5, negative energy resistance 1, electricity
resistance, torment resistance 1, petrification resistance
a: no special abilities


You were in a bailey.
You visited 1 branch of the dungeon, and saw 5 of its levels.
You also visited: Bailey.

You collected 153 gold pieces.
You spent 28 gold pieces at shops.

Inventory:

Hand Weapons
 s - the +6 falchion "Ihioc" (weapon) {pain, rPois rF++ MP+9 Str-2}
   (You took it off an orc on level 3 of the Dungeon)

   Str:       It affects your strength (-2).
   rF:        It greatly protects you from fire.
   rPois:     It protects you from poison.
   MP:        It affects your magic capacity (+9).
Armour
 a - a +0 robe (worn)
 h - a +0 pair of gloves (worn)
Scrolls
 c - 2 scrolls of magic mapping
 e - a scroll of vulnerability {unknown}
 f - 2 scrolls of teleportation {unknown}
 k - a scroll of noise {unknown}
 l - a scroll of torment {unknown}
 n - a scroll of amnesia {unknown}
 t - a scroll of blinking {unknown}
 u - a scroll of enchant armour {unknown}
 v - a scroll of fear {unknown}
Potions
 b - a potion of magic
 d - a potion of heal wounds
 g - a potion of resistance
 i - a potion of curing {unknown}
 j - a potion of invisibility {unknown}
 m - a potion of might {unknown}
 o - a potion of attraction {unknown}
 q - a potion of mutation {unknown}
 r - a potion of lignification {unknown}


   Skills:
 - Level 1.5 Dodging
 - Level 2.1 Stealth
 + Level 4.3 Spellcasting
 + Level 3.7 Conjurations
 + Level 3.1 Summonings
 - Level 0.7 Transmutations
 * Level 8.1 Earth Magic


You had 11 spell levels left.
You knew the following spells:

 Your Spells              Type           Power      Damage    Failure   Level
a - Sandblast             Erth           68%        2d15      1%          1
b - Stone Arrow           Conj/Erth      52%        3d10      3%          3

Your spell library contained the following spells:

 Spells                   Type           Power      Damage    Failure   Level
 Magic Dart               Conj           72%        1d6       2%          1
 Summon Small Mammal      Summ           60%        N/A       3%          1
 Passwall                 Tmut/Erth      16%        N/A       3%          2
 Searing Ray              Conj           36%        2d5       4%          2
 Call Canine Familiar     Summ           15%        N/A       11%         3
 Summon Guardian Golem    Hex/Summ       10%        N/A       22%         3
 Petrify                  Tmut/Erth      20%        N/A       22%         4
 Fulminant Prism          Conj/Hex       5%         3d7       52%         4
 Passage of Golubria      Tloc           4%         N/A       80%         4
 Conjure Ball Lightning   Conj/Air       5%         3x3d6     100%        6
 Malign Gateway           Summ/Tloc      5%         N/A       100%        7
 Orb of Destruction       Conj           9%         9d6       100%        7
 Spellforged Servitor     Conj/Summ      8%         N/A       100%        7


Dungeon Overview and Level Annotations

Branches:
Dungeon (7/15)             Bailey (1/1)
 Temple: D:4-7

Altars:
Fedhas

Shops:
D:2 ?


Innate Abilities, Weirdness & Mutations

You are immune to sickness and miasma.
Your stone body is resilient. (AC +5)
You are immune to poison.
You resist negative energy. (rN+)
You are resistant to electric shocks. (rElec)
You are resistant to unholy torment.
You are immune to petrification.


Message History

The stone arrow hits the orc knight.
You kill the orc knight!
Your Spellcasting skill increases to level 4!
Your Conjurations skill increases to level 3!
Your Summonings skill increases to level 3!
Your Earth Magic skill increases to level 8!
You have reached level 8!
You feel clever.
You close the door.
Something unseen breaks down the door.
Things that are here:
a +0 spear; a +0 ring mail Unknown command.
The orc warrior barely misses you.
You barely miss the orc warrior.
The orc warrior is lightly wounded.
The orc warrior no longer looks unusually strong.
The orc warrior hits you with a +0 bardiche!!
Ouch! That really hurt!
You hit the orc warrior but do no damage.
The orc warrior is lightly wounded.
The orc warrior hits you with a +0 bardiche!
* * * LOW HITPOINT WARNING * * *
Casting: Stone Arrow (dangerous; 3% risk of failure)
Confirm with . or Enter, or press ? or * to list all spells.
Aiming: Sandblast (safe; 1% risk of failure)
Press: ? - help, Shift-Dir - straight line, f - orc warrior
Aim: an orc warrior, wielding a +0 bardiche, wearing a +0 chain mail and wearing a +6 ring of strength (lightly wounded, 82% to hit)
The blast of sand hits the orc warrior!!
The orc warrior is severely wounded.
The orc warrior misses you. x2
Casting: Sandblast (safe; 1% risk of failure)
Confirm with . or Enter, or press ? or * to list all spells.
Aiming: Sandblast (safe; 1% risk of failure)
Press: ? - help, Shift-Dir - straight line, f/p - orc warrior
Aim: an orc warrior, wielding a +0 bardiche, wearing a +0 chain mail and wearing a +6 ring of strength (severely wounded, 82% to hit)
The blast of sand hits the orc warrior but does no damage.
The orc warrior is severely wounded.
The orc warrior hits you with a +0 bardiche!!
You die...

###########
##.........##
#..~~~~~~~..##
..~~.....~~..##
.~~..###..~~..##########
~~..## ##..~~..).......#
~..##.∩.##..~~~~~~)~~~.#
..##.....##....o@.)..~.#
######+###'#########.~.#
......§.# ##.~.#
≈≈≈≈§≈§.. ##.)~.#
≈.§.§§≈≈.. ##..~~.#
..⌠∩⌠..o... #..~).∩#
§..⌠...≈≈..#+#..~~.##
≈.....≈≈..+#.##..~~.#
≈≈≈.§§≈..##...##..~.#


You could see an orc warrior.

Vanquished Creatures
  An orc knight (Bailey)
  2 orc warriors (Bailey)
  A hound (D:7)
  An orc priest (D:7)
  Ijyb (D:4)
  2 orc wizards
  4 adders
  A white imp (D:7)
  An ufetubus (D:4)
  A worm (D:3)
  25 orcs
  5 ball pythons
  4 bats
  A bat skeleton (D:2)
  7 endoplasms
  6 giant cockroaches
  7 hobgoblins
  2 jackals (D:2)
  4 kobolds
  2 quokkas (D:3)
  A ball python skeleton (D:2)
  A ball python zombie (D:2)
  4 frilled lizards (D:1)
  9 goblins
  6 rats
99 creatures vanquished.

Notes
Turn   | Place    | Note
-------+----------+-------------------------------------------
     0 | D:1      | Crownlay the Gargoyle Earth Elementalist began the quest
                  | for the Orb.
     0 | D:1      | Reached XP level 1. HP: 10/10 MP: 3/3
   115 | D:1      | Reached skill level 4 in Earth Magic
   241 | D:1      | Reached XP level 2. HP: 15/15 MP: 3/5
   748 | D:1      | Reached XP level 3. HP: 19/19 MP: 4/6
  1254 | D:1      | Learned a level 3 spell: Stone Arrow
  1453 | D:2      | Reached skill level 5 in Earth Magic
  1531 | D:2      | Got the Handbook of Direction and Exhalation
  1642 | D:2      | Found Socyt Kuung's Magic Scroll Boutique.
  1650 | D:2      | Bought a scroll of identify for 28 gold pieces
  1957 | D:3      | Reached XP level 4. HP: 24/24 MP: 5/8
  2293 | D:3      | Identified the +6 falchion "Ihioc" {pain, rPois rF++ MP+9
                  | Str-2}
  2516 | D:3      | Reached skill level 1 in Conjurations
  2516 | D:3      | Reached XP level 5. HP: 28/28 MP: 9/9
  2674 | D:3      | Found a blossoming altar of Fedhas.
  2959 | D:4      | Noticed Ijyb
  2961 | D:4      | Reached skill level 1 in Summonings
  2973 | D:4      | Killed Ijyb
  3037 | D:4      | You fall into a shaft and drop 3 floors!
  3040 | D:7      | Noticed a black bear
  3062 | D:7      | Reached skill level 6 in Earth Magic
  3066 | D:7      | Found a flagged portal.
  3071 | D:7      | Reached XP level 6. HP: 22/32 MP: 7/10
  3103 | Bailey   | Entered a bailey
  3474 | Bailey   | Noticed an orc warrior
  3482 | Bailey   | Killed an orc warrior
  3631 | Bailey   | Noticed an orc knight
  3631 | Bailey   | Noticed an orc warrior
  3631 | Bailey   | Noticed an orc warrior
  3635 | Bailey   | Killed an orc warrior
  3636 | Bailey   | Reached skill level 7 in Earth Magic
  3636 | Bailey   | Reached XP level 7. HP: 36/36 MP: 8/12
  3781 | Bailey   | Killed an orc knight
  3782 | Bailey   | Reached skill level 8 in Earth Magic
  3782 | Bailey   | Reached XP level 8. HP: 41/41 MP: 1/14
  3796 | Bailey   | Mangled by an orc warrior

Illustrated notes

Levels and vault maps discovered:
D:1:      dpeg_arrival_arbitrary_a, layout_loops_corners, serial_aquarium,
          aquarium_bridge_long_separate [aquarium_subvault_bridge,
          aquarium_subvault_wall, aquarium_subvault_balcony,
          aquarium_subvault_bridge, aquarium_subvault_bridge,
          aquarium_subvault_wall], aquarium_window_corridor_3,
          aquarium_window_2, aquarium_window_corner, aquarium_view_2d,
          aquarium_balcony_5b, aquarium_pool_2, minmay_misc_feat_ornament
D:2:      layout_rooms, serial_undead, serial_undead_b, serial_undead_c,
          serial_undead_e, serial_undead_c, serial_shops, shop
D:3:      layout_loops_ring, fedhas_altar_fruit_tree, minivault_24
D:4:      minmay_goblin_kobold_castle, layout_cave_pools,
          nicolae_ossuary_entry_plus, hangedman_decor_opposing,
          uniq_crazy_yiuf_cottage, uniq_ijyb
D:7:      layout_rooms, grunt_temple_overflow_opulence,
          trog_three_pillars_becter, enter_bailey_5,
          kennysheep_decorative_pillar
Bailey:   bailey_polearm_1, bailey

Skill      XL: |  1  2  3  4  5  6  7 |
---------------+----------------------+-----
Earth Magic    | 4 5 6 7 8 |  8.1
Conjurations   | 1 2 3 |  3.7
Spellcasting   | 3 4 |  4.3
Summonings     | 1 2 3 |  3.1
Dodging        | |  1.5
Stealth        | |  2.1
Transmutations | |  0.7

Action                     |  1- 3 |  4- 6 |  7- 9 || total
---------------------------+-------+-------+-------++-------
  Melee: Unarmed           |     3 |       |       ||     3
         Falchion          |       |     5 |     2 ||     7
   Cast: Sandblast         |    59 |   109 |     2 ||   170
         Stone Arrow       |       |    12 |     9 ||    21
    Use: Scroll            |       |     2 |       ||     2
         Potion            |       |     1 |       ||     1
 Armour: Robe              |     7 |    40 |       ||    47
  Dodge: Dodged            |    14 |    64 |     3 ||    81

Table legend: (Time is in decaauts)
 A = Elapsed time spent in this place.
 B = Non-inter-level travel time spent in this place.
 C = Inter-level travel time spent in this place.
 D = Time resting spent in this place.
 E = Time spent auto-exploring this place.
 F = Levels seen in this place.
 G = Mean time per level.
                   A        B        C        D        E       F      G
               +--------+--------+--------+--------+--------+-----+--------+
         Total |   3886 |   3730 |    156 |    158 |   2941 |   6 |  647.7 |
       Dungeon |   3166 |   3010 |    156 |      0 |   2533 |   5 |  633.2 |
        Bailey |    720 |    720 |      0 |    158 |    408 |   1 |  720.0 |
               +--------+--------+--------+--------+--------+-----+--------+

Top non-repeatable levels by time:
     D:1: 1334 daAuts
     D:3: 1065 daAuts
  Bailey: 720 daAuts
     D:2: 622 daAuts
     D:7: 75 daAuts
     D:4: 69 daAuts
